 Dungeon Sprint DCSS version 0.29.1-15-g9cfb28693d (webtiles) character file.

Game seed: 2694204600568584725

14914 Groucho the Timeless (level 12, -1/121 HPs)
             Began as a Naga Summoner on Apr 12, 2023.
             Was a High Priest of Cheibriados.
             Slain by an iron golem (13 damage)
             ... in the Dungeon (Sprint V: "Ziggurat Sprint").
             The game lasted 00:09:49 (1586 turns).

Groucho the Timeless (Naga Summoner)                Turns: 1586, Time: 00:09:51

Health: -1/121     AC: 34    Str: 35 (37) XL:     12   Next: 21%
Magic:  6/25       EV: 22    Int: 33      God:    Cheibriados [*****.]
Gold:   0          SH: 32    Dex: 24 (25) Spells: 16/30 levels left

rFire   . . .      SeeInvis +   C - +6 shillelagh "Devastator" {shatter}
rCold   . . .      Faith    .   B - +18 shield of the Gong {rElec rN+ Will+ EV-5}
rNeg    + . .      Spirit   .   J - +15 plate armour of the Wumpus {rElec rPois Slay+3 Stlth+}
rPois   +          Reflect  .   (no helmet)
rElec   +          Harm     .   F - +2 cloak {Will+}
rCorr   .          Rampage  .   E - +1 pair of gloves {Stlth+}
Will    +++..      Rage     3%  (no barding)
Stlth   +......... NoTele   +   L - amulet of the acrobat
HPRegen 0.30/turn               v - +6 ring of strength
MPRegen 0.19/turn               w - +6 ring of strength

@: acrobatic, very slow
A: AC +4, large, see invisible, deformed body, poison resistance, slowness 2,
spit poison 1, naga tail 1, berserk 1, deterioration 1, dopey 1
a: Spit Poison, Renounce Religion, Bend Time, Temporal Distortion, Slouch, Step
From Time


You were in the Dungeon.
You worshipped Cheibriados.
Cheibriados was extremely pleased with you.
You visited 1 branch

Inventory:

Hand Weapons
 C - the +6 shillelagh "Devastator" (weapon) {shatter}
   (You found it in the Dungeon)

   It releases a powerful concussive burst when it strikes, dealing extra damage
   to the target and all other foes adjacent to them.
 I - the +6 dagger of Dishonesty {vorpal, rElec rPois rF+ Dex+3}
   (You found it in the Dungeon)

   It inflicts extra damage upon your enemies.
   Dex:       It affects your dexterity (+3).
   rF:        It protects you from fire.
   rElec:     It insulates you from electricity.
   rPois:     It protects you from poison.
Armour
 a - a +0 robe
 A - the +15 Maxwell's patent armour {-Cast -Tele rElec Will+ rCorr}
   (You found it in the Dungeon)

   rElec:     It insulates you from electricity.
   -Cast:     It prevents spellcasting.
   -Tele:     It prevents most forms of teleportation.
   rCorr:     It protects you from acid and corrosion.
   Will:      It increases your willpower.
 B - the +18 shield of the Gong (worn) {rElec rN+ Will+ EV-5}
   (You found it in the Dungeon)

   It is deafeningly noisy when blocking attacks.
   EV:        It affects your evasion (-5).
   rElec:     It insulates you from electricity.
   rN:        It protects you from negative energy.
   Will:      It increases your willpower.
 D - +5 gold dragon scales
 E - a +1 pair of gloves of stealth (worn)
 F - a +2 cloak of willpower (worn)
 J - the +15 plate armour of the Wumpus (worn) {rElec rPois Slay+3 Stlth+}
   (You found it in the Dungeon)

   Slay:      It affects your accuracy & damage with ranged weapons and melee
   (+3).
   rElec:     It insulates you from electricity.
   rPois:     It protects you from poison.
   Stlth:     It makes you more stealthy.
Jewellery
 q - a ring of flight
 r - a +6 ring of dexterity
 s - a +6 ring of dexterity
 t - a +6 ring of intelligence
 u - a +6 ring of intelligence
 v - a +6 ring of strength (left hand)
 w - a +6 ring of strength (right hand)
 G - the ring of Bewkiq {rC+ AC+4 Int+3 SInv}
   (You found it in the Dungeon)

   [ring of protection]

   AC:        It affects your AC (+4).
   Int:       It affects your intelligence (+3).
   rC:        It protects you from cold.
   SInv:      It lets you see invisible.
 H - a +6 ring of dexterity
 K - an amulet of regeneration
 L - an amulet of the acrobat (around neck)
 N - a ring of ice
 O - a ring of willpower
 P - a +6 ring of dexterity
 Q - a ring of positive energy
Wands
 x - a wand of mindburst (7)
 y - a wand of iceblast (7)
 z - a wand of light (7)
Scrolls
 g - 4 scrolls of blinking
 m - 4 scrolls of amnesia
 n - 7 scrolls of fog
 o - 5 scrolls of identify
 p - 2 scrolls of fear
 M - a scroll of brand weapon
Potions
 b - 8 potions of magic
 c - 9 potions of curing
 e - 6 potions of haste
 f - 3 potions of berserk rage
 h - 2 potions of brilliance
 i - 2 potions of invisibility
 j - 4 potions of resistance
 k - a potion of experience
 l - 5 potions of might


   Skills:
 + Level 11.7 Fighting
 + Level 9.8 Armour
 + Level 10.1 Dodging
 - Level 3.0 Stealth
 + Level 10.7 Shields
 * Level 9.5 Spellcasting
 + Level 3.8 Conjurations
 + Level 3.8 Hexes
 * Level 10.9 Summonings
 + Level 3.8 Fire Magic
 + Level 3.9 Air Magic
 - Level 14.0 Invocations


You had 16 spell levels left.
You knew the following spells:

 Your Spells              Type           Power      Damage    Failure   Level
a - Summon Small Mammal   Summ           100%       N/A       1%          1
b - Call Imp              Summ           73%        N/A       1%          2
c - Call Canine Familiar  Summ           73%        N/A       1%          3
d - Summon Guardian Gole  Hex/Summ       59%        N/A       4%          3
e - Summon Lightning Spi  Summ/Air       59%        N/A       14%         4
f - Foxfire               Conj/Fire      100%       2x1d9     6%          1

Your spell library contained the following spells:

 Spells                   Type           Power      Damage    Failure   Level
 Conjure Flame            Conj/Fire      41%        6-21      19%         3
 Inner Flame              Hex/Fire       41%        N/A       19%         3
 Poisonous Vapours        Pois/Air       56%        N/A       21%         2
 Sting                    Tmut/Pois      60%        1d6       30%         1
 Ignite Poison            Fire/Tmut/Pois 24%        N/A       47%         3
 Flame Wave               Conj/Fire      41%        2d11      52%         4
 Gell's Gravitas          Tloc           15%        N/A       67%         3
 Lesser Beckoning         Tloc           15%        N/A       67%         3
 Teleport Other           Tloc           15%        N/A       67%         3
 Olgreb's Toxic Radiance  Pois           15%        N/A       97%         4
 Starburst                Conj/Fire      20%        6d7       100%        6


Dungeon Overview and Level Annotations

Branches:
Dungeon (1/1)

Altars:
Ashenzari
Cheibriados
Dithmenos
Elyvilon
Fedhas
Gozag
Hepliaklqana
Kikubaaqudgha
Makhleb
Nemelex Xobeh
Okawaru
Qazlal
Ru
Sif Muna
Trog
Uskayaw
Vehumet
Wu Jian
Xom
Yredelemnul
Zin
The Shining One
Jiyva
Lugonu

Annotations:
D 1 transporter


Innate Abilities, Weirdness & Mutations

Your serpentine skin is tough. (AC +4)
You have supernaturally acute eyesight. (SInv)
Armour fits poorly on your strangely shaped body.
Your system is resistant to poisons. (rPois)
You cover ground very slowly.
You can spit poison.
You have a snake-like lower body.
You sometimes lose your temper in combat.
Your body sometimes deteriorates upon taking damage.
You are dopey. (Int -2)


Message History

Unknown command.
Unknown command.
You feel much better. You block the iron golem's attack.
GONNNNG!
You block the iron golem's attack.
GONNNNG!
Unknown command.
Unknown command.
You hit the iron golem but do no damage.
The iron golem is severely damaged.
You block the iron golem's attack.
BONNNG!
You block the iron golem's attack.
GONNNNG!
Unknown command.
Unknown command.
You sock the iron golem!
The iron golem shudders.
The iron golem is almost destroyed. x2
You block the iron golem's attack.
SHROANNG!
You block the iron golem's attack.
PTOANNNG!
The iron golem hits you!
* * * LOW HITPOINT WARNING * * *
The iron golem hits you!
* * * LOW HITPOINT WARNING * * *
Your body deteriorates!
You feel clumsy.
Unknown command.
Unknown command.
You feel better. You block the iron golem's attack.
GONNNNG!
You block the iron golem's attack.
GONNNNG!
The iron golem attacks as you move away!
The iron golem barely misses you. The iron golem hits you.
* * * LOW HITPOINT WARNING * * *
You block the iron golem's attack.
SHROANNG!
The iron golem hits you!
You die...

▓....©....▓...©...
▓▓▓▓▓▓▓▓▓▓▓▓▓▓▓▓▓▓▓▓
▓...8©8...▓...8©8...
▓..[![|)..▓...})}}..
▓..|)[)=..▓...}.[}..
▓.........▓.........
▓.........▓...).†...
▓.........▓....††)..
▓..@9))...▓.........
▓...†.....▓.▓.....▓.
▓.▓.....▓.▓....©....
▓....©....▓▓▓▓▓▓▓▓▓▓
▓▓▓▓▓▓▓▓▓▓▓


You could see an iron golem.

Vanquished Creatures
  A bone dragon (D)
  An ancient champion (D)
  A quicksilver elemental (D)
  An iron dragon (D)
  2 war gargoyles (D)
  A yaktaur captain (D)
  A crystal echidna (D)
  3 deep elf archers (D)
  3 deep elf zephyrmancers (D)
  A deep elf pyromancer (D)
  2 cyclopes (D)
  A salamander (shapeshifter) (D)
  A black mamba (D)
  2 hellions (D)
  A yaktaur (D)
  A tormentor (D)
  2 jumping spiders (shapeshifter) (D)
  2 yaks (D)
  A basilisk (shapeshifter) (D)
  A neqoxec (D)
  A golden eye (shapeshifter) (D)
  4 water moccasins (D)
  2 nagas (D)
  2 wolves (D)
  2 centaurs (D)
  An earth elemental (D)
  A bullfrog (D)
  2 crimson imps (D)
  2 iron imps (D)
  2 iguanas (D)
  2 mummies (D)
  3 river rats (D)
  An adder (D)
  3 white imps (D)
  An ufetubus (D)
  A bat zombie (D)
  A jackal (D)
  A ball python (D)
  A ball python zombie (D)
62 creatures vanquished.

Vanquished Creatures (collateral kills)
  A shining eye (D)
1 creature vanquished.

Grand Total: 63 creatures vanquished

Notes
Turn   | Place    | Note
-------+----------+-------------------------------------------
     0 | D        | Groucho the Naga Summoner began the quest for the Orb.
     0 | D        | Reached XP level 1. HP: 15/15 MP: 3/3
     0 | D        | Found a shimmering blue altar of Sif Muna.
     0 | D        | Found a sacrificial altar of Ru.
     0 | D        | Found a bloodstained altar of Trog.
     0 | D        | Found a stormy altar of Qazlal.
     0 | D        | Found an iron altar of Okawaru.
     0 | D        | Found a sparkling altar of Nemelex Xobeh.
     0 | D        | Found a blossoming altar of Fedhas.
     0 | D        | Found the +6 Majin-Bo {vamp, MP+6 Int+6}
     0 | D        | Found the +9 heavy crossbow "Sniper" {vorpal, Acc+∞ SInv}
     0 | D        | Found the +10 dark maul {vorpal}
     0 | D        | Found the +15 Maxwell's patent armour {-Cast -Tele rElec
                  | Will+ rCorr}
     0 | D        | Found the +18 shield of the Gong {rElec rN+ Will+ EV-5}
     0 | D        | Found the +14 obsidian axe {vorpal, Mesm Drain Fly SInv}
     0 | D        | Found the +7 great mace "Firestarter" {inner flame, rF++}
     0 | D        | Found the +6 shillelagh "Devastator" {shatter}
     0 | D        | Found the +11 plutonium sword {Contam Stlth-}
     0 | D        | Found the +8 lance "Wyrmbane" {slay drac, rPois rF+ rC+
                  | AC+3}
     0 | D        | Found the +9 sword of Zonguldrok {reap}
     0 | D        | Found the +13 scythe of Curses {drain, Drain}
     0 | D        | Found the +5 sword of Power {vorpal}
     0 | D        | Found the +7 mace of Variability {chain chaos}
     0 | D        | Found the +7 Singing Sword {vorpal, sonic wave}
     0 | D        | Found the +8 storm bow {elec, penet}
     2 | D        | Found a transporter.
     2 | D        | Found an ancient bone altar of Kikubaaqudgha.
     2 | D        | Found a viscous altar of Jiyva.
     2 | D        | Found a corrupted altar of Lugonu.
     2 | D        | Found a hazy altar of Hepliaklqana.
     2 | D        | Found a burning altar of Makhleb.
     2 | D        | Found an opulent altar of Gozag.
    74 | D        | Became a worshipper of Cheibriados the Contemplative
    89 | D        | Entered arena 2.
    89 | D        | Noticed a yak
    89 | D        | Noticed an iguana
    89 | D        | Found a transporter.
    92 | D        | Killed an iguana
    93 | D        | Reached skill level 1 in Armour
    93 | D        | Reached skill level 2 in Invocations
    93 | D        | Reached XP level 2. HP: 26/26 MP: 5/5
    93 | D        | Reached XP level 3. HP: 32/32 MP: 6/6
    95 | D        | Killed a yak
    96 | D        | Reached skill level 5 in Invocations
    96 | D        | Reached XP level 4. HP: 45/45 MP: 7/7
    96 | D        | Reached XP level 5. HP: 51/51 MP: 8/8
   409 | D        | Entered arena 3.
   409 | D        | Found a transporter.
   411 | D        | Reached * piety under Cheibriados
   413 | D        | Reached ** piety under Cheibriados
   414 | D        | Reached skill level 5 in Fighting
   414 | D        | Reached XP level 6. HP: 61/61 MP: 8/10
   428 | D        | Entered arena 4.
   428 | D        | Found the +7 Spriggan's Knife {stab, EV+4 Stlth+}
   428 | D        | Found a transporter.
   434 | D        | Reached *** piety under Cheibriados
   686 | D        | Got the ring of Bewkiq {rC+ AC+4 Int+3 SInv}
   693 | D        | Entered arena 5.
   693 | D        | Found a transporter.
   698 | D        | Reached **** piety under Cheibriados
   699 | D        | Reached skill level 6 in Invocations
   701 | D        | Reached skill level 5 in Armour
   701 | D        | Reached skill level 5 in Dodging
   701 | D        | Reached skill level 5 in Shields
   714 | D        | Got the +6 dagger of Dishonesty {vorpal, rElec rPois rF+
                  | Dex+3}
   716 | D        | Entered arena 6.
   716 | D        | Noticed a yak
   716 | D        | Found a transporter.
   719 | D        | Reached ***** piety under Cheibriados
   724 | D        | Reached skill level 7 in Invocations
   724 | D        | Reached XP level 7. HP: 60/70 MP: 10/12
   726 | D        | Killed a yak
   738 | D        | Got the +15 plate armour of the Wumpus {rElec rPois Slay+3
                  | Stlth+}
   751 | D        | Entered arena 7.
   751 | D        | Found the +5 scythe "Finisher" {speed, eviscerate}
   751 | D        | Noticed a yaktaur captain
   751 | D        | Noticed a yaktaur
   751 | D        | Noticed a cyclops
   751 | D        | Noticed a cyclops
   752 | D        | Reached ****** piety under Cheibriados
   753 | D        | Reached skill level 8 in Invocations
   753 | D        | Reached XP level 8. HP: 78/80 MP: 7/14
   753 | D        | Killed a yaktaur
   754 | D        | Found a transporter.
   756 | D        | Killed a cyclops
   757 | D        | Reached skill level 5 in Summonings
   757 | D        | Reached skill level 9 in Invocations
   758 | D        | Killed a cyclops
   759 | D        | Reached skill level 10 in Invocations
   759 | D        | Reached XP level 9. HP: 67/90 MP: 3/16
   759 | D        | Killed a yaktaur captain
   760 | D        | Reached skill level 11 in Invocations
   766 | D        | Learned a level 2 spell: Call Imp
   770 | D        | Learned a level 3 spell: Call Canine Familiar
   774 | D        | Learned a level 3 spell: Summon Guardian Golem
   779 | D        | Learned a level 4 spell: Summon Lightning Spire
   851 | D        | Entered arena 8.
   851 | D        | Noticed a bone dragon
   853 | D        | Reached skill level 5 in Spellcasting
   855 | D        | Found a transporter.
   867 | D        | Killed a bone dragon
   868 | D        | Reached skill level 12 in Invocations
   868 | D        | Reached XP level 10. HP: 57/99 MP: 5/19
   875 | D        | Got the Precepts of the Blazing Congregation
  1108 | D        | Entered arena 9.
  1108 | D        | Noticed a salamander
  1108 | D        | Noticed a shining eye
  1109 | D        | Gained mutation: You are dopey. (Int -2) [a shining eye]
  1110 | D        | Killed a salamander
  1110 | D        | Gained mutation: You sometimes lose your temper in combat.
                  | [a shining eye]
  1111 | D        | Reached skill level 13 in Invocations
  1113 | D        | Gained mutation: Your body sometimes deteriorates upon
                  | taking damage. [a shining eye]
  1116 | D        | Found a transporter.
  1116 | D        | Killed a shining eye
  1117 | D        | Reached skill level 10 in Fighting
  1252 | D        | Entered arena 10.
  1252 | D        | Noticed a deep elf zephyrmancer
  1252 | D        | Noticed a deep elf zephyrmancer
  1252 | D        | Noticed a deep elf archer
  1252 | D        | Noticed a deep elf zephyrmancer
  1252 | D        | Noticed a deep elf archer
  1252 | D        | Noticed a deep elf archer
  1252 | D        | Noticed a deep elf pyromancer
  1253 | D        | Found a transporter.
  1255 | D        | Killed a deep elf pyromancer
  1255 | D        | Killed a deep elf zephyrmancer
  1255 | D        | Killed a deep elf archer
  1255 | D        | Killed a deep elf archer
  1255 | D        | Killed a deep elf zephyrmancer
  1255 | D        | Killed a deep elf zephyrmancer
  1256 | D        | Reached skill level 14 in Invocations
  1256 | D        | Reached XP level 11. HP: 110/110 MP: 9/22
  1256 | D        | Killed a deep elf archer
  1257 | D        | Reached skill level 10 in Shields
  1281 | D        | Learned a level 1 spell: Foxfire
  1513 | D        | Entered arena 11.
  1514 | D        | Found a transporter.
  1516 | D        | Reached skill level 1 in Conjurations
  1516 | D        | Reached skill level 1 in Hexes
  1516 | D        | Reached skill level 1 in Fire Magic
  1516 | D        | Reached skill level 1 in Air Magic
  1534 | D        | Entered arena 12.
  1534 | D        | Noticed a war gargoyle
  1534 | D        | Noticed an iron dragon
  1534 | D        | Noticed an ancient champion
  1534 | D        | Noticed a quicksilver elemental
  1535 | D        | Noticed a war gargoyle
  1535 | D        | Noticed an iron golem
  1535 | D        | Noticed a crystal echidna
  1536 | D        | Found a transporter.
  1541 | D        | Killed a quicksilver elemental
  1541 | D        | Killed a war gargoyle
  1541 | D        | Killed an ancient champion
  1541 | D        | Killed a war gargoyle
  1542 | D        | Reached skill level 10 in Dodging
  1542 | D        | Reached skill level 10 in Summonings
  1542 | D        | Reached XP level 12. HP: 50/120 MP: 12/25
  1542 | D        | Killed a crystal echidna
  1542 | D        | Killed an iron dragon
  1563 | D        | HP: 6/121 [iron golem (13)]
  1584 | D        | HP: 5/121 [iron golem (17)]
  1586 | D        | Slain by an iron golem

Illustrated notes

Levels and vault maps discovered:
D:        sprint_v [room_start, room_1, room_2, room_3, room_4, room_5, room_6,
          room_7, room_8, room_9, room_10, room_11, room_12, room_13, room_14,
          room_15, room_16, room_17, room_18, room_19, room_20, room_21,
          room_22, room_23, room_24, room_25, room_26, room_27]

Skill      XL: |  1  2  3  4  5  6  7  8  9 10 11 |
---------------+----------------------------------+-----
Fighting       | 2 4 5 6 7 8 9 10 11 | 11.7
Armour         | 1 3 4 5 6 7 9 |  9.8
Dodging        | 2 4 5 6 7 8 9 10 | 10.1
Shields        | 2 4 6 7 8 9 10 | 10.7
Invocations    | 2 5 7 8 10 12 14 | 14.0
Spellcasting   | 4 6 7 9 |  9.5
Summonings     | 5 7 9 10 | 10.9
Conjurations   | 3 |  3.8
Hexes          | 3 |  3.8
Fire Magic     | 3 |  3.8
Air Magic      | 3 |  3.9
Stealth        | |  3.0

Action                   |  1- 3 |  4- 6 |  7- 9 | 10-12 || total
-------------------------+-------+-------+-------+-------++-------
Melee: Shillelagh        |     5 |    20 |    18 |    19 ||    62
 Cast: Summon Small Mamm |       |       |       |     3 ||     3
       Call Imp          |       |       |       |     1 ||     1
Invok: Slouch            |       |       |     5 |    14 ||    19
  Use: Potion            |       |       |     1 |    10 ||    11
Armor: Plate armour      |       |    18 |    22 |    21 ||    61
Dodge: Dodged            |       |       |     4 |    28 ||    32
Block: Kite shield       |     7 |    44 |    35 |   113 ||   199
